cohdb
Replays
Latest Replays
All Replays
Popular Replays
Top Player Replays
Match Explorer
How It Works
Community
CoH3 Stats
Reddit
Sign in to upload your games and track your stats! →
Sign in with Steam
Match 42719885
Unlisted
Match 42719885
Overview
Messages
Build Orders
End
Construct Weapon Support Center
Selects Airborne Battlegroup
Selects Pathfinders
Bazooka Squad
Engineer Squad
Sniper
Construct Barracks
M1919 Machine Gun Team
1⁄4-ton 4x4 Truck
Construct Medical Station
Selects Paratrooper Squad Paradrop
Paratrooper Squad Paradrop
Air Support Center
.30 cal Machine Gun
Grasshopper Recon Run
Construct Motor Pool
P-47 Strafing Run
Paratrooper Squad Paradrop
M24 Chaffee Light Tank
P-47 Dive Bomb
Grasshopper Recon Run
Selects Recon Loiter
Selects Supply Drop
Selects Anti-tank Gun Team Paradrop
Recon Loiter
Anti-tank Gun Team Paradrop
Anti-tank Gun Team Paradrop
P-47 Strafing Run
Grasshopper Recon Run
Construct Tank Depot
Selects Dual P-47 Rocket Strike
Dual P-47 Rocket Strike
Grasshopper Recon Run
P-47 Dive Bomb
Recon Loiter
M4A1 Sherman Medium Tank
M4A1 Sherman Medium Tank
.30 cal Machine Gun
Grasshopper Recon Run
M3 Armored Personnel Carrier
P-47 Strafing Run
P-47 Dive Bomb
Grasshopper Recon Run
Engineer Squad
P-47 Strafing Run
P-47 Strafing Run
CnoHcop_KBH
Nikki05
ese_oso_peligroso
Mustache and Melons
Alahuakeba
Ulpia Victrix
0
0
Comments
sign in to comment!
No comments posted yet!